 Dungeon Crawl Stone Soup version 0.22-a0-240-g539252a (webtiles) character file.

13 Amnesiac the Charlatan (level 2, 0/14 HPs)
             Began as a Spriggan Artificer on Feb 21, 2018.
             Slain by a scorpion zombie (8 damage)
             ... in an ossuary.
             The game lasted 00:02:37 (1037 turns).

Amnesiac the Charlatan (Spriggan Artificer)         Turns: 1037, Time: 00:02:38

Health: 0/14       AC:  2    Str:  8    XL:     2   Next: 24%
Magic:  6/6        EV: 18    Int: 12    God:
Gold:   87         SH:  0    Dex: 16    Spells: 1/1 levels left

rFire    . . .     SeeInvis +   j - +0 trident
rCold    . . .     Gourm    .   (shield currently unavailable)
rNeg     . . .     Faith    .   b - +0 robe
rPois    .         Spirit   .   (helmet restricted)
rElec    .         Reflect  .   (no cloak)
rCorr    .         Harm     .   (gloves unavailable)
MR       .....                  (boots unavailable)
Stlth    ++........             (no amulet)
HPRegen  0.04/turn              (no ring)
MPRegen  0.10/turn              (no ring)

@: very quick
A: very small, unfitting armour, see invisible, herbivore, speed 3, slow
metabolism 2
a: no special abilities


You were in an ossuary.
You were not hungry.

You visited 1 branch of the dungeon, and saw 4 of its levels.
You also visited: Ossuary.

You collected 87 gold pieces.

Inventory:

Hand Weapons
 a - a +0 short sword
 j - a +0 trident (weapon)
Armour
 b - a +0 robe (worn)
Wands
 c - a wand of flame (13)
 d - a wand of enslavement (14)
 e - a wand of random effects (11)
Scrolls
 h - a scroll of immolation {!r, unknown}
 i - a scroll of fog {!r, unknown}
 k - 2 scrolls of identify {!r, unknown}
Potions
 g - a potion of mutation {!q, unknown}
Comestibles
 f - 4 rations


   Skills:
 + Level 1.0 Fighting
 + Level 1.3 Short Blades
 + Level 3.2 Dodging
 - Level 2.0 Stealth
 * Level 4.4 Evocations


You had one spell level left.
You didn't know any spells.

Dungeon Overview and Level Annotations

Branches:
Dungeon (4/15)
 Temple: D:4-7

Altars:


Innate Abilities, Weirdness & Mutations

You are very small and have problems with some larger weapons.
You are too small for most types of armour.
You have supernaturally acute eyesight. (SInv)
You are a herbivore.
You cover ground extremely quickly.
You need consume almost no food.


Message History

HP restored.
You open the door.
Found a gate leading back out of this place.
There is an open door here.
You open the door.
A human zombie comes into view. 2 zombies come into view.
There is an open door here.
There is an open door here.
Attack whom?
Press: ? - help, Dir - move target cursor, f - human zombie
Aim: a human zombie You reach to attack!
You barely miss the human zombie. You hit the human zombie.
The human zombie is lightly damaged.
The human zombie hits you but does no damage.
You puncture the human zombie!
The human zombie is lightly damaged.
The human zombie hits you!
Ouch! That really hurt!
* * * LOW HITPOINT WARNING * * *
There is an open door here.
You close the door.
You start resting.
HP restored.
You start resting.
HP restored.
You open the door.
There is an open door here.
There is an open door here.
There is an open door here.
No target in view!
You puncture the scorpion zombie!
The scorpion zombie is moderately damaged.
The scorpion zombie completely misses you.
You puncture the scorpion zombie!
The scorpion zombie is heavily damaged.
The scorpion zombie barely misses you.
You hit the scorpion zombie but do no damage.
The scorpion zombie is heavily damaged.
The scorpion zombie hits you.
You puncture the scorpion zombie!
The scorpion zombie is severely damaged.
The scorpion zombie hits you.
* * * LOW HITPOINT WARNING * * *
You hit the scorpion zombie but do no damage.
The scorpion zombie is severely damaged.
The scorpion zombie barely misses you.
You hit the scorpion zombie.
The scorpion zombie is severely damaged.
The scorpion zombie barely misses you.
You completely miss the scorpion zombie.
The scorpion zombie is severely damaged.
The scorpion zombie completely misses you.
You barely miss the scorpion zombie.
The scorpion zombie is severely damaged.
The scorpion zombie barely misses you. x2
Press: ? - help, v - describe, . - travel The floor.
You barely miss the scorpion zombie.
The scorpion zombie is severely damaged.
The scorpion zombie hits you!
Ouch! That really hurt!
You die...

#########
#...#...#...
#.∩.Z...8...
#..@#.....Z.
##'###8...8#
#...# ......
#.∩.# Z8...
#...# Z#...
##### ####


You could see a scorpion zombie.

Vanquished Creatures
  A gnoll (D:1)
  An orc (D:4)
  A bat (D:1)
3 creatures vanquished.

Notes
Turn   | Place    | Note
-------+----------+-------------------------------------------
     0 | D:1      | Amnesiac the Spriggan Artificer began the quest for the Orb.
     0 | D:1      | Reached XP level 1. HP: 9/9 MP: 4/4
    58 | D:1      | Reached skill level 1 in Fighting
    58 | D:1      | Reached XP level 2. HP: 6/14 MP: 6/6
   556 | D:4      | Noticed an ogre
   623 | D:4      | Found a sand-covered staircase.
   631 | Ossuary  | Entered an ossuary
  1037 | Ossuary  | Slain by a scorpion zombie

Vault maps used:
D:1:      lightli_arrival_noodles, minmay_misc_feat_ornament,
          minmay_misc_feat_room, serial_bayou_pond_c, minmay_misc_feat_x
D:2:      grunt_temple_overflow_diamond, first_ration, uniq_natasha,
          uniq_crazy_yiuf_cottage
D:3:      columned_hall_lemuel, minmay_misc_feat_tiny
D:4:      enter_ossuary_2
Ossuary:  ossuary_minmay_scorpions

Skill      XL: |  1 |
---------------+----+-----
Fighting       | 1 |  1.0
Stealth        | 2 |  2.0
Short Blades   | |  1.3
Dodging        | |  3.2
Evocations     | |  4.4

Action                   || total
-------------------------++-------
Melee: Short sword       ||     5
       Trident           ||    12
Evoke: Wand              ||     7
 Stab: Sleeping          ||     1
  Eat: Ration            ||     1
Armor: Robe              ||    12
Dodge: Dodged            ||    58

Table legend:
 A = Spawn XP
 B = Non-spawn XP
 C = Spawn XP percentage of total XP
 D = Spawn monster count
 E = Non-spawn monster count
 F = Spawn count percentage of total count
 G = Total turns spent on level
                    A         B        C        D         E        F      G
               +---------+---------+-------+---------+---------+-------+---------
         Total |       0 |      19 |   0.0 |       0 |       3 |   0.0 |  1037
               +---------+---------+-------+---------+---------+-------+---------
           D:1 |       0 |      16 |   0.0 |       0 |       2 |   0.0 |   343
           D:4 |       0 |       3 |   0.0 |       0 |       1 |   0.0 |   239
               +---------+---------+-------+---------+---------+-------+---------
